 Dungeon Crawl Stone Soup version bcrawl-1.36.4 (webtiles) character file.

Game seed: 15706413736142689961

151830 BreqofToren the Shield-Bearer (level 3, 0/30 HPs)
             Began as a Demigod Fighter on June 30, 2022.
             Slain by a goblin (1 damage)
             ... led by Robin
             ... on level 2 of the Dungeon.
             The game lasted 00:01:48 (547 turns).

BreqofToren the Shield-Bearer (Demigod Fighter)      Turns: 547, Time: 00:01:49

Health: 0/30       AC:  6    Str: 27    XL:     3   Next: 14%
Magic:  6/6        EV:  6    Int: 12    God:    Demigod [*.....]
Gold:   41         SH: 11    Dex: 16    Spells: 2/2 levels left

rFire    + . .     SeeInvis .   a - +0 long sword
rCold    . . .     Gourm    .   c - +0 medium shield
rNeg     . . .     Faith    .   b - +0 scale mail
rPois    .         Spirit   .   (no helmet)
rElec    .         Reflect  .   (no cloak)
rCorr    .                      (no gloves)
MR       .....                  (no boots)
Stlth    ..........             k - amulet "Votsu" {Inacc rF+} (curse)
HPRegen  0.10/turn              (no ring)
MPRegen  0.10/turn              (no ring)

@: mighty
A: high mp 1
a: Temporal Distortion


You were on level 2 of the Dungeon.
You worshipped Demigod.
Demigod was aware of your devotion.
You were not hungry.

You visited 1 branch of the dungeon, and saw 2 of its levels.

You collected 41 gold pieces.

Inventory:

Hand Weapons
 a - a +0 long sword (weapon)
Armour
 b - a +0 scale mail (worn)
 c - a +0 medium shield (worn)
Jewellery
 k - the cursed amulet "Votsu" (around neck) {Inacc rF+}
   (You found it on level 1 of the Dungeon)

   [amulet of inaccuracy]

   It reduces the accuracy of all your attacks.
   It protects you from fire.
   It has a curse placed upon it.
Scrolls
 i - a scroll of identify
Potions
 f - a potion of lignification {unknown}
 g - a potion of curing {unknown}
 h - a potion of invisibility {unknown}
Comestibles
 e - 2 rations {!d}


   Skills:
 + Level 2.9 Fighting
 + Level 2.1 Long Blades
 + Level 2.9 Armour
 + Level 0.7 Dodging
 + Level 2.9 Shields
 + Level 1.3 Invocations


You had 2 spell levels left.
You didn't know any spells.
Your spell library was empty.

Dungeon Overview and Level Annotations

Branches:
Dungeon (2/12)

Annotations:
D:2 Robin


Innate Abilities, Weirdness & Mutations

You have an increased reservoir of magic. (+10% MP)


Message History

* * * LOW HITPOINT WARNING * * *
A worm comes into view.
The goblin barely misses you. The rat bites you but does no damage.
The goblin hits you.
* * * LOW HITPOINT WARNING * * *
You block the goblin's attack.
You miss the goblin. You block the goblin's attack.
The goblin hits you but does no damage.
The rat twitches its whiskers.
You block the rat's attack.
The goblin hits you but does no damage. x2
The goblin hits you.
* * * LOW HITPOINT WARNING * * *
Robin says, "Feeling lonely?"
Robin throws the goblin at you!
Your shield and scale mail prevent you from hitting the goblin.
The goblin no longer looks unusually strong. x2
You block the goblin's attack. The goblin hits you but does no damage.
The goblin hits you.
You die...
Your divinity fades.

.# #. .# # ...
..... .# ##.#
#.#.# #.#
#.........g..
##.#.#g#.#g.
#.....$.gg#
##<#.#g#r##
#.....g@g.#
##.#.#g#g###.#
#...<......#
#..#........
#>.#.#..####
#. #.#..# #.
#.#.... #
...#.### #?.
..


You could see Robin, 3 hobgoblins, 6 goblins and a rat.

Vanquished Creatures
  An ooze (D:1)
  A worm (D:2)
  A dart slug (D:1)
  2 leopard geckos (D:1)
  A ball python (D:1)
  A giant cockroach (D:1)
  3 hobgoblins (D:1)
  3 jackals (D:1)
  2 bats (D:1)
  4 frilled lizards (D:1)
  3 goblins
  A kobold (D:1)
23 creatures vanquished.

Notes
Turn   | Place    | Note
-------+----------+-------------------------------------------
     0 | D:1      | BreqofToren the Demigod Fighter began the quest for the
                  | Orb.
     0 | D:1      | Reached XP level 1. HP: 18/18 MP: 3/3
   105 | D:1      | Reached XP level 2. HP: 25/25 MP: 4/4
   166 | D:1      | Reached skill level 1 in Invocations
   465 | D:1      | Reached XP level 3. HP: 29/30 MP: 6/6
   470 | D:1      | Got a flickering pewter amulet
   471 | D:1      | Identified the cursed amulet "Votsu" {Inacc rF+} (You found
                  | it on level 1 of the Dungeon)
   534 | D:2      | Noticed Robin
   536 | D:2      | Reached * piety under Demigod
   546 | D:2      | HP: 1/30 [goblin[Robin] (2)]
   547 | D:2      | Slain by a goblin

Skill      XL: |  1  2 |
---------------+-------+-----
Long Blades    | 2 |  2.1
Invocations    | 1 |  1.3
Fighting       | |  2.9
Armour         | |  2.9
Dodging        | |  0.7
Shields        | |  2.9

Action                   || total
-------------------------++-------
Melee: Long sword        ||    70
  Use: Scroll            ||     2
       Potion            ||     1
  Eat: Chunk             ||     1
Armor: Scale mail        ||    46
Dodge: Dodged            ||    20
Block: Medium shield     ||    51
